 Dungeon Crawl Stone Soup version 0.21-a0-113-g6841d05 (webtiles) character file.

1951 tof the Twirler (level 8, 0/61 (63) HPs)
             Began as a Demonspawn Gladiator on July 12, 2017.
             Was a Follower of Wu Jian.
             Succumbed to Erica's bolt of poison
             ... on level 7 of the Dungeon.
             The game lasted 00:16:10 (7927 turns).

tof the Twirler (Demonspawn Gladiator)              Turns: 7927, Time: 00:16:10

HP:   0/61 (63)     AC: 16    Str: 11    XL:     8   Next: 99%
MP:   1/8           EV:  7    Int:  9    God:    Wu Jian [*.....]
Gold: 310           SH:  0    Dex: 16    Spells: 7/7 levels left

rFire    . . .     SeeInvis .   a - +0 quarterstaff
rCold    + + .     Gourm    .   (shield currently unavailable)
rNeg     + . .     Faith    .   h - +2 chain mail {rC+}
rPois    +         Spirit   +   c - +0 helmet
rElec    .         Reflect  .   (no cloak)
rCorr    .         Harm     .   j - +0 pair of gloves
MR       +....                  (no boots)
Stlth    ..........             (no amulet)
HPRegen  0.20/turn              u - ring of the Garden {+Fly rPois rN+ MR+ Str-5}
MPRegen  0.11/turn              (no ring)

@: lethally poisoned (0 -> -2)
A: talons 1, molten scales 2, cold resistance 1, magic shield
a: Renounce Religion, Evoke Flight


You were on level 7 of the Dungeon.
You worshipped Wu Jian.
Wu Jian was aware of your devotion.
You were not hungry.

You visited 2 branches of the dungeon, and saw 9 of its levels.

You collected 310 gold pieces.

Inventory:

Hand Weapons
 a - a +0 quarterstaff (weapon)
 b - a +0 blowgun
Missiles
 d - 4 throwing nets
 l - 6 tomahawks (quivered)
 n - 20 poisoned needles
Armour
 c - a +0 helmet (worn)
 h - a +2 chain mail of cold resistance (worn)
 j - a +0 pair of gloves (worn)
Jewellery
 u - the ring of the Garden (left hand) {+Fly rPois rN+ MR+ Str-5}
   (You found it on level 4 of the Dungeon)

   [ring of flight]

   It affects your strength (-5).
   It protects you from poison.
   It protects you from negative energy.
   It affects your resistance to hostile enchantments.
   It lets you fly.
Wands
 y - a wand of confusion (44/48)
Scrolls
 e - 6 scrolls of teleportation
 i - a scroll of enchant weapon {unknown}
 p - a scroll of fear
 t - a scroll of holy word {unknown}
 x - 2 scrolls of fog
 B - a scroll of remove curse
Potions
 g - a potion of resistance
 k - 2 potions of curing {unknown}
 m - a potion of berserk rage {unknown}
 q - 2 potions of lignification {unknown}
 s - 2 potions of flight {unknown}
 v - a potion of agility {unknown}
 w - 2 potions of might {unknown}
Books
 C - a book of Misfortune

   Spells                             Type                      Level
   a - Confusing Touch                Hexes                        1
   b - Confuse                        Hexes                        3
   c - Gell's Gravitas                Translocation                3
   d - Petrify                        Transmutation/Earth          4
   e - Metabolic Englaciation         Hexes/Ice                    5
   f - Yara's Violent Unravelling     Hexes/Transmutation          5
Comestibles
 f - 4 bread rations
 o - a meat ration
 r - 5 fruits
 z - a chunk of flesh
 A - a royal jelly


   Skills:
 + Level 5.5 Fighting
 * Level 6.8 Staves
 + Level 4.4 Throwing
 + Level 3.7 Armour
 + Level 5.1 Dodging


You had 7 spell levels left.
You didn't know any spells.

Dungeon Overview and Level Annotations

Branches:
Dungeon (8/15)             Temple (1/1) D:5
   Lair: D:8-11

Altars:
Ashenzari
Cheibriados
Dithmenos
Elyvilon
Fedhas
Gozag
Hepliaklqana
Kikubaaqudgha
Makhleb
Nemelex Xobeh
Okawaru
Qazlal
Ru
Sif Muna
Trog
Uskayaw
Vehumet
Wu Jian
Xom
Yredelemnul
Zin
The Shining One

Shops:
D:4 (

Annotations:
D:7 Erica


Innate Abilities, Weirdness & Mutations

You have sharp toenails.
You are mostly covered in molten scales. (AC +3)
Your flesh is cold resistant. (rC+)
When hurt, damage is shared between your health and your magic reserves.


Message History

A bolt of poison appears from out of thin air!
The bolt of poison hits you! You resist.
You climb upwards.
You feel sick.
There is a stone staircase leading down here.
You feel sick.
You feel sick.
You hear some strange, mumbled words.
An orb of energy appears from out of thin air!
The orb of energy hits you!
* * * LOW HITPOINT WARNING * * *
You feel sick. Something hits you.
* * * LOW HITPOINT WARNING * * *
Something burns you.
* * * LOW HITPOINT WARNING * * *
You closely miss something. You claw something. Something hits you!
* * * LOW HITPOINT WARNING * * *
Something burns you.
* * * LOW HITPOINT WARNING * * *
You sock something! You claw something.
You die...

......................#.##.##..##
#.###.####.#...######.#.##.##...#
#.# #.# #.#.....>.....<.......(.
#.# #.# #.##..######...#####....
#.###.####.##..# #.....#####.#.
#..............# #.......# #.#.
.).........###># #.....#.###.#.
#####.###### #.######..........#.
# #.# #.{@.>##.####.#####.
#####.# #####.##.##...######
......# #.##.##.#(.....) #####.#
#.##.##.#.###### # #.#
#.##.##.#.###### # #.#
#......#......## # #.#
#.#####.#.#.#.## #.# #.#
#.......#.. #.## #.# #..#.#....#


There were no monsters in sight!

Vanquished Creatures
  Joseph (D:7)
  An ice beast (D:6)
  A necrophage (D:6)
  4 ogres
  A centaur (D:5)
  A phantom (D:7)
  A bullfrog (D:7)
  A scorpion (D:4)
  A killer bee (D:4)
  A bullfrog zombie (D:7)
  2 crimson imps
  A hound (D:7)
  2 orc priests
  A bullfrog skeleton (D:4)
  A gnoll shaman (D:5)
  4 orc wizards
  4 worker ants
  11 gnolls
  7 adders
  A shadow imp (D:7)
  An adder skeleton (D:5)
  2 worms
  4 dart slugs
  3 leopard geckos
  24 orcs
  9 bats
  12 giant cockroaches
  4 goblins
  6 hobgoblins
  10 jackals
  13 kobolds
  7 quokkas
  5 frilled lizards
  A leopard gecko skeleton (D:5)
  A quokka zombie (D:5)
  8 rats
157 creatures vanquished.

Vanquished Creatures (others)
  A fungus (D:6)
  A plant (D:6)
2 creatures vanquished.

Grand Total: 159 creatures vanquished

Notes
Turn   | Place    | Note
-------+----------+-------------------------------------------
     0 | D:1      | tof the Demonspawn Gladiator began the quest for the Orb.
     0 | D:1      | Reached XP level 1. HP: 16/16 MP: 1/1
   227 | D:1      | Reached skill level 3 in Staves
   246 | D:1      | Gained mutation: You are partially covered in molten scales. (AC +2) [demonic ancestry]
   246 | D:1      | Reached XP level 2. HP: 21/22 MP: 2/2
   865 | D:1      | Gained mutation: You are mostly covered in molten scales. (AC +3) [demonic ancestry]
   865 | D:1      | Reached XP level 3. HP: 28/28 MP: 3/3
  1321 | D:2      | Found a stormy altar of Qazlal.
  1394 | D:2      | Found an opulent altar of Gozag.
  1396 | D:2      | Found a sacrificial altar of Ru.
  1638 | D:2      | Reached XP level 4. HP: 34/34 MP: 4/4
  1849 | D:2      | Reached skill level 1 in Armour
  2739 | D:3      | Gained mutation: When hurt, damage is shared between your health and your magic reserves. [demonic ancestry]
  2739 | D:3      | Reached XP level 5. HP: 41/41 MP: 5/5
  2973 | D:3      | Reached skill level 4 in Staves
  3189 | D:3      | Found a glowing golden altar of the Shining One.
  3242 | D:3      | Found a shadowy altar of Dithmenos.
  3516 | D:4      | Found Fueph's Antique Weapon Shoppe.
  3643 | D:4      | Got a brightly glowing golden ring
  3644 | D:4      | Identified the ring of the Garden {+Fly rPois rN+ MR+ Str-5} (You found it on level 4 of the Dungeon)
  3726 | D:4      | Reached XP level 6. HP: 36/48 MP: 3/6
  4351 | D:5      | Entered Level 5 of the Dungeon
  4356 | D:5      | Gained mutation: You have sharp toenails. [demonic ancestry]
  4356 | D:5      | Reached XP level 7. HP: 49/54 MP: 5/7
  4597 | D:5      | Reached skill level 5 in Staves
  4699 | D:5      | Found a staircase to the Ecumenical Temple.
  4706 | Temple   | Entered the Ecumenical Temple
  4807 | Temple   | Became a worshipper of the Wu Jian Council
  4840 | D:5      | Found a blossoming altar of Fedhas.
  4920 | D:5      | HP: 2/55 [gnoll/halberd (4)]
  5518 | D:5      | Gained mutation: Your flesh is cold resistant. (rC+) [demonic ancestry]
  5518 | D:5      | Reached XP level 8. HP: 47/61 MP: 6/8
  6120 | D:6      | Found a shattered altar of Ashenzari.
  6124 | D:6      | Saw a vision of the Swamp and the Spider Nest.
  6124 | D:6      | Noticed a hornet
  6125 | D:6      | Noticed a wolf spider
  6644 | D:6      | Reached skill level 5 in Fighting
  7068 | D:7      | Reached * piety under Wu Jian
  7068 | D:7      | Reached skill level 6 in Staves
  7072 | D:7      | Noticed Joseph
  7104 | D:7      | Killed Joseph
  7414 | D:7      | Reached skill level 5 in Dodging
  7870 | D:8      | Noticed Erica
  7926 | D:7      | HP: 1/61 [something (3)]
  7927 | D:7      | Succumbed to Erica's bolt of poison

Vault maps used:
D:1:      minmay_arrival_stair_chambers
D:2:      minmay_roachtagon, grunt_qazlal_clouds, grunt_temple_overflow_open,
          kennysheep_generic_room_4
D:3:      minmay_door_path, grunt_dithmenos_smoke, tso_metal_star
D:4:      first_bread, serial_shops, shop
D:5:      fedhas_altar_2, temple_doors_e
D:6:      grunt_ashenzari_visionary
D:7:      uniq_joseph
D:8:      hangedman_pestilent_swarm, uniq_grum, uniq_erica
Temple:   regret_index_temple_sphere_string

Skill      XL: |  1  2  3  4  5  6  7  8 |
---------------+-------------------------+-----
Staves         | 3 4 5 6 |  6.8
Throwing       | 2 3 4 |  4.4
Fighting       | 3 4 5 |  5.5
Dodging        | 3 4 5 |  5.1
Armour         | 1 2 3 |  3.7

Action                   |  1- 3 |  4- 6 |  7- 9 || total
-------------------------+-------+-------+-------++-------
Melee: Quarterstaff      |   140 |   197 |   312 ||   649
       Kick              |       |       |    95 ||    95
 Fire: Blowgun           |       |    12 |    34 ||    46
  Use: Scroll            |       |     3 |     3 ||     6
 Stab: Sleeping          |     1 |       |       ||     1
  Eat: Chunk             |     2 |     9 |     7 ||    18
       Bread ration      |       |       |     1 ||     1
Armor: Leather armour    |    69 |       |       ||    69
       Ring mail         |     1 |    13 |       ||    14
       Chain mail        |       |    94 |   223 ||   317
Dodge: Dodged            |   115 |    93 |    99 ||   307
